 Dungeon Crawl Stone Soup version 0.29.0-13-gc9e81de378 (webtiles) character file.

Game seed: 8764007308511380944

44 Descartes the Shield-Bearer (level 3, -4/29 HPs)
             Began as a Formicid Fighter on Sept 7, 2022.
             Slain by a gnoll
             ... wielding a +0 spear
              (5 damage)
             ... on level 2 of the Dungeon.
             The game lasted 00:01:31 (1264 turns).

Descartes the Shield-Bearer (Formicid Fighter)      Turns: 1264, Time: 00:01:31

Health: -4/29      AC:  6    Str: 22    XL:     3   Next: 87%
Magic:  3/3        EV:  9    Int:  7    God:
Gold:   80         SH:  5    Dex: 13    Spells: 2/2 levels left

rFire   . . .      SeeInvis +   a - +0 war axe
rCold   . . .      Faith    .   c - +0 buckler
rNeg    . . .      Spirit   .   b - +0 scale mail
rPois   .          Reflect  .   (helmet unavailable)
rElec   .          Harm     .   (no cloak)
rCorr   .          Rampage  .   (no gloves)
Will    .....                   (no boots)
Stlth   ..........              (no amulet)
HPRegen 0.09/turn               (no ring)
MPRegen 0.08/turn               (no ring)

@: no status effects
A: permanent stasis, dig shafts and tunnels, antennae 3, four strong arms
a: Dig, Shaft Self


You were on level 2 of the Dungeon.
You visited 1 branch of the dungeon, and saw 2 of its levels.

You collected 80 gold pieces.

Inventory:

Hand Weapons
 a - a +0 war axe (weapon)
Missiles
 e - a throwing net
 k - 6 poisoned darts
Armour
 b - a +0 scale mail (worn)
 c - a +0 buckler (worn)
Jewellery
 g - a ring of ice
 i - an amulet of faith
 j - a ring of flight
Scrolls
 f - 2 scrolls of teleportation {unknown}
 m - a scroll of identify {unknown}
Potions
 d - a potion of might
 h - a potion of degeneration {unknown}
 l - a potion of magic {unknown}
 n - a potion of mutation {unknown}


   Skills:
 - Level 3.2 Fighting
 + Level 2.4(2.7) Axes
 + Level 1.1(2.0) Maces & Flails
 + Level 1.1(2.0) Polearms
 + Level 3.6 Armour
 + Level 4.5 Shields


You had 2 spell levels left.
You didn't know any spells.
Your spell library was empty.

Dungeon Overview and Level Annotations

Branches:
Dungeon (2/15)

Altars:


Innate Abilities, Weirdness & Mutations

You cannot be hasted, slowed, berserked, paralysed or teleported.
You can dig through walls and to a lower floor.
You have a pair of large antennae on your head. (SInv)
Your four strong arms can wield two-handed weapons with a shield.


Message History

A gnoll comes into view. It is wielding a +0 club.
The gnoll shouts!
You block the gnoll's attack.
You closely miss the gnoll. You block the gnoll's attack.
You closely miss the gnoll. The gnoll closely misses you.
The gnoll hits you with a +0 club.
You closely miss the gnoll. You hit the gnoll. You barely miss the gnoll.
You slash the gnoll! The gnoll misses you. The gnoll barely misses you.
You barely miss the gnoll. x2; You hit the gnoll.
You kill the gnoll!
A gnoll comes into view. It is wielding a +0 spear.
The gnoll hits you but does no damage. The gnoll barely misses you.
The gnoll hits you with a +0 club. The gnoll hits you with a +0 club!
Your Maces & Flails skill increases to level 1!
Your Polearms skill increases to level 1!
You barely miss the gnoll. You closely miss the gnoll.
The gnoll shouts!
The gnoll hits you with a +0 club.
You hit the gnoll but do no damage. You hit the gnoll.
You block the gnoll's attack. The gnoll hits you with a +0 club.
You block the gnoll's attack.
A gnoll comes into view. It is wielding a +0 flail.
The gnoll shouts!
You slash the gnoll!
You kill the gnoll!
You hit the gnoll but do no damage. You closely miss the gnoll.
The gnoll hits you but does no damage. The gnoll hits you with a +0 whip.
* * * LOW HITPOINT WARNING * * *
The gnoll hits you with a +0 spear.
* * * LOW HITPOINT WARNING * * *
The gnoll barely misses you.
Things that are here:
a +0 club; a gnoll corpse You hit the gnoll.
The gnoll is moderately wounded.
You closely miss the gnoll. You hit the gnoll but do no damage.
The gnoll barely misses you. The gnoll hits you with a +0 spear.
You die...

.~≈≈~######.#.#
#~≈≈~~#.......
##~~≈≈~...##.#
#..~≈≈~.#....#
#.#~≈≈~~..##.#
..~~≈≈~.###.##
.####~≈≈~.###..#
...88~≈≈~~88...#
....g.g@.......#
#.#
.......gg......#
#.#
...88~~≈≈~88..##
##.#
.#####~≈≈~~..##
# #... .~~≈≈~#.#
##.#..#
###~≈≈~#.#
...#..###.#
#~≈≈~~.#
..........#
#~~≈≈~.# #.#..#
##~≈≈~.#


You could see 4 gnolls.

Vanquished Creatures
  2 gnolls (D:2)
  2 dart slugs (D:1)
  A ball python (D:1)
  2 endoplasms (D:1)
  3 giant cockroaches
  2 goblins
  A hobgoblin (D:2)
  2 quokkas (D:1)
  A frilled lizard (D:1)
  3 kobolds (D:1)
  A rat (D:1)
20 creatures vanquished.

Notes
Turn   | Place    | Note
-------+----------+-------------------------------------------
     0 | D:1      | Descartes the Formicid Fighter began the quest for the Orb.
     0 | D:1      | Reached XP level 1. HP: 18/18 MP: 1/1
   155 | D:1      | Reached XP level 2. HP: 19/24 MP: 2/2
   639 | D:1      | Found a faded altar of an unknown god.
  1137 | D:2      | Reached XP level 3. HP: 29/29 MP: 3/3
  1260 | D:2      | Reached skill level 1 in Maces & Flails
  1260 | D:2      | Reached skill level 1 in Polearms
  1263 | D:2      | HP: 1/29 [gnoll/+0 spear (5)]
  1264 | D:2      | Slain by a gnoll

Illustrated notes

Levels and vault maps discovered:
D:1:      lemuel_arrival_hallway, layout_loops_ring,
          dreamdust_ecumenical_altar_statues
D:2:      wander_river, layout_loops_ring, basic_altar, minmay_hexomino_r4

Skill      XL: |  1  2  3 |
---------------+----------+-----
Maces & Flails | 1 |  1.1
Polearms       | 1 |  1.1
Fighting       | |  3.2
Axes           | |  2.4
Armour         | |  3.6
Shields        | |  4.5

Action                   || total
-------------------------++-------
Melee: War axe           ||    64
Armor: Scale mail        ||    19
Dodge: Dodged            ||    28
Block: Buckler           ||    20
